 Dungeon Crawl Stone Soup version 0.30-a0-949-g53dc5368d7 (webtiles) character file.

Game seed: 12516200329455784112

109 Jackthecabe the Magician (level 4, -9/26 HPs)
             Began as a Deep Elf Hedge Wizard on Mar 28, 2023.
             Was a Follower of Qazlal.
             Killed by divine providence
             ... invoked by an orc priest
              (16 damage)
             ... on level 3 of the Dungeon.
             The game lasted 00:04:28 (2620 turns).

Jackthecabe the Magician (Deep Elf Hedge Wizard)    Turns: 2620, Time: 00:04:29

Health: -9/26      AC:  2    Str:  7    XL:     4   Next: 60%
Magic:  7/13       EV: 27    Int: 21    God:    Qazlal [*.....]
Gold:   136        SH:  1    Dex: 14    Spells: 5/13 levels left

rFire   . . .      SeeInvis +    s - +2 dagger (venom)
rCold   . . .      Faith    .    (no shield)
rNeg    . . .      Spirit   .    b - +0 robe
rPois   .          Reflect  .    c - +0 hat
rElec   .          Rampage  .    (no cloak)
rCorr   .                        (no gloves)
Will    .....                    (no boots)
Stlth   ++                       f - amulet of the acrobat
HPRegen 0.24/turn                v - ring of see invisible
MPRegen 0.13/turn                (no ring)

@: acrobatic
A: no striking features
a: Renounce Religion


You were on level 3 of the Dungeon.
You worshipped Qazlal.
Qazlal was aware of your devotion.
You visited 1 branch of the dungeon, and saw 3 of its levels.

You collected 136 gold pieces.


   Skills:
 - Level 2.0 Fighting
 - Level 2.4 Dodging
 - Level 2.4 Stealth
 - Level 5.0 Spellcasting
 - Level 2.0 Conjurations
 - Level 1.1 Summonings
 - Level 1.1 Translocations
 + Level 1.5 Air Magic
 + Level 1.7 Poison Magic


You had 5 spell levels left.
You knew the following spells:

 Your Spells              Type           Power      Damage    Failure   Level
c - Mephitic Cloud        Conj/Pois/Air  12%        N/A       16%         3
m - Magic Dart            Conj           52%        1d5       4%          1
y - Sticky Flame          Conj/Fire      9%         2d3       56%         4

Your spell library contained the following spells:

 Spells                   Type           Power      Damage    Failure   Level
 Kiss of Death            Conj/Necr      36%        2d8       7%          1
 Slow                     Hex            20%        N/A       11%         1
 Blink                    Tloc           18%        N/A       11%         2
 Call Imp                 Summ           9%         N/A       11%         2
 Cigotuvi's Dreadful Rot  Necr/Pois/Air  18%        N/A       11%         2
 Confusing Touch          Hex            5%         N/A       32%         3
 Inner Flame              Hex/Fire       5%         N/A       32%         3
 Flame Wave               Conj/Fire      9%         2d6       56%         4
 Dispel Undead            Necr           5%         3d7       71%         4

Inventory:

Hand Weapons
 a - a +0 dagger
 h - a +0 dagger of venom
 s - a +2 dagger of venom (weapon)
Armour
 b - a +0 robe (worn)
 c - a +0 hat (worn)
 q - an orb of wrath
Jewellery
 f - an amulet of the acrobat (around neck)
 v - a ring of see invisible (left hand)
Scrolls
 j - a scroll of enchant armour {unknown}
 l - a scroll of identify {unknown}
 m - a scroll of noise {unknown}
 n - a scroll of brand weapon {unknown}
 o - 3 scrolls of teleportation {unknown}
 t - a scroll of blinking {unknown}
Potions
 d - a potion of magic
 e - a potion of cancellation {unknown}
 g - a potion of resistance {unknown}
 i - a potion of flight {unknown}
 k - a potion of invisibility {unknown}
 p - a potion of curing {unknown}
 r - a potion of heal wounds {unknown}

Dungeon Overview and Level Annotations

Branches:
Dungeon (3/15)

Altars:
Qazlal
Trog

..†.....# ##...##
#....######### #.....#
#.........>..# #......
#....#######.####......
##.#.# #.........#.
#g#.# #########.#.
#.#.# #.#.
#.###g#.######### #.#.
#...)oo..@....... #.#.
####..#.########. #.#.
........$ #...
##########.# ####< #
........ .......#
#######


You could see an orc priest (very poisoned), an orc and a hobgoblin.


Message History

No target in view!
Your magical contamination has completely faded away.
An orc priest comes into view. It is wielding a +0 whip.
The magic dart hits the orc priest but does no damage.
The orc priest shouts!
The magic dart hits the orc priest but does no damage.
The magic dart hits the orc priest but does no damage.
A hobgoblin comes into view.
The orc priest barely misses you.
An orc comes into view. It is wielding a +0 dagger.
The orc shouts!
You hit the orc priest but do no damage.
The orc priest is poisoned.
The orc priest hits you with a +0 whip.
You hit the orc priest but do no damage.
The orc priest looks as sick as possible!
The orc priest is lightly wounded.
The orc priest miscasts a cantrip.
You hit the orc priest but do no damage.
The orc priest is moderately wounded.
The orc priest mumbles some strange prayers to Beogh against you.
Beogh smites you!
Ouch! That really hurt!
* * * LOW HITPOINT WARNING * * *
The orc priest attacks as you move away!
The orc priest barely misses you.
The orc priest miscasts a cantrip.
The orc priest mumbles some strange prayers to Beogh against you.
Beogh smites you!
Ouch! That really hurt!
You die...

Skill      XL: |  1  2  3  4 |
---------------+-------------+-----
Spellcasting   | 5 |  5.0
Conjurations   | 2 |  2.0
Fighting       | 1 2 |  2.0
Poison Magic   | 1 |  1.7
Air Magic      | 1 |  1.5
Dodging        | |  2.4
Stealth        | |  2.4
Summonings     | |  1.1
Translocations | |  1.1

Action                     |  1- 3 |  4- 6 || total
---------------------------+-------+-------++-------
  Melee: Dagger            |     7 |     4 ||    11
   Cast: Magic Dart        |    98 |    38 ||   136
 Armour: Robe              |     4 |       ||     4
  Dodge: Dodged            |    19 |     7 ||    26

Levels and vault maps discovered:
D:1:      minmay_arrival_jagged, layout_loops_ring
D:2:      layout_basic, ebering_ecumenical_altar_mist, minmay_heptomino_h4
D:3:      layout_loops_ring, bloody_trog, due_unseen_surprise, uniq_terence

Notes
Turn   | Place    | Note
-------+----------+-------------------------------------------
     0 | D:1      | Jackthecabe the Deep Elf Hedge Wizard began the quest for
                  | the Orb.
     0 | D:1      | Reached XP level 1. HP: 10/10 MP: 7/7
   366 | D:1      | Reached XP level 2. HP: 15/15 MP: 3/9
   403 | D:1      | Reached skill level 5 in Spellcasting
   403 | D:1      | Reached skill level 2 in Conjurations
   627 | D:1      | Reached skill level 1 in Fighting
   773 | D:1      | Reached XP level 3. HP: 20/20 MP: 2/11
  1270 | D:2      | Learned a level 3 spell: Mephitic Cloud
  1373 | D:2      | Reached skill level 2 in Fighting
  1745 | D:2      | Reached XP level 4. HP: 26/26 MP: 8/13
  1786 | D:2      | Found a faded altar of an unknown god.
  1867 | D:2      | Prayed at the altar of an unknown god.
  1867 | D:2      | Became a worshipper of Qazlal Stormbringer
  1867 | D:2      | Reached * piety under Qazlal
  1947 | D:2      | Reached skill level 1 in Poison Magic
  1990 | D:2      | Reached skill level 1 in Air Magic
  2482 | D:3      | Found a bloodstained altar of Trog.
  2488 | D:3      | Learned a level 4 spell: Sticky Flame
  2620 | D:3      | Killed from afar by an orc priest

Vanquished Creatures
  An orc wizard (D:3)
  A gnoll (D:1)
  2 adders (D:2)
  A worm (D:2)
  A dart slug (D:2)
  An orc (D:3)
  4 endoplasms
  2 giant cockroaches
  3 goblins (D:1)
  8 hobgoblins
  2 jackals (D:2)
  A quokka (D:1)
  11 ball pythons
  3 bats
  A frilled lizard (D:1)
  4 kobolds
  6 rats
52 creatures vanquished.

Table legend: (Time is in decaauts)
 A = Elapsed time spent in this place.
 B = Non-inter-level travel time spent in this place.
 C = Inter-level travel time spent in this place.
 D = Time resting spent in this place.
 E = Time spent auto-exploring this place.
 F = Levels seen in this place.
 G = Mean time per level.
                   A        B        C        D        E       F      G
               +--------+--------+--------+--------+--------+-----+--------+
         Total |   2618 |   2599 |     19 |      0 |   2237 |   3 |  872.7 |
       Dungeon |   2618 |   2599 |     19 |      0 |   2237 |   3 |  872.7 |
               +--------+--------+--------+--------+--------+-----+--------+

Top non-repeatable levels by time:
     D:2: 1273 daAuts
     D:1: 1203 daAuts
     D:3: 141 daAuts

Table legend:
 A = Non-vault XP
 B = Vault XP
 C = Vault XP percentage of total XP
 D = Non-vault monster count
 E = Vault monster count
 F = Vault count percentage of total count
                 A         B        C        D         E       F
            +---------+---------+-------+---------+---------+-------
      Total |     140 |      17 |  10.8 |      49 |       3 |   5.8
            +---------+---------+-------+---------+---------+-------
        D:1 |      53 |       0 |   0.0 |      25 |       0 |   0.0
        D:2 |      47 |      17 |  26.6 |      21 |       3 |  12.5
        D:3 |      40 |       0 |   0.0 |       3 |       0 |   0.0
            +---------+---------+-------+---------+---------+-------
